 Dungeon Crawl Stone Soup version 0.30.1-3-gfc49f6343a (webtiles) character file.

Game seed: 13139351716355700231

198 Fodor the Covered (level 5, -2/47 HPs)
             Began as a Minotaur Fighter on Aug 2, 2023.
             Killed by nerve-wracking pain
             ... invoked by Grinder
              (3 damage)
             ... on level 3 of the Dungeon.
             The game lasted 00:08:24 (2161 turns).

Fodor the Covered (Minotaur Fighter)                Turns: 2161, Time: 00:08:24

Health: -2/47      AC: 12    Str: 22    XL:     5   Next: 47%
Magic:  4/4        EV: 10    Int:  5    God:
Gold:   138        SH:  4    Dex: 10    Spells: 4/4 levels left

rFire   . . .        a - +0 long sword
rCold   . . .        c - +0 buckler
rNeg    . . .        b - +0 scale mail
rPois   .            (helmet restricted)
rElec   .            (no cloak)
rCorr   .            (no gloves)
SInv    .            p - +0 pair of boots
Will    .....        (no amulet) Stlth
                     n - +4 ring of protection
HPRegen 0.27/turn    (no ring)
MPRegen 0.09/turn

%: no passive effects
@: no status effects
A: horns 2, retaliatory headbutt
a: no special abilities


You were on level 3 of the Dungeon.
You visited 1 branch of the dungeon, and saw 3 of its levels.

You collected 138 gold pieces.

Inventory:

Hand Weapons
 a - a +0 long sword (weapon)
Armour
 b - a +0 scale mail (worn)
 c - a +0 buckler (worn)
 p - a +0 pair of boots (worn)
Jewellery
 n - a +4 ring of protection (left hand)
Scrolls
 e - a scroll of vulnerability {unknown}
 f - 2 scrolls of magic mapping {unknown}
 g - a scroll of poison {unknown}
 h - 2 scrolls of noise {unknown}
 i - a scroll of amnesia {unknown}
 l - a scroll of identify {unknown}
 m - a scroll of blinking {unknown}
 o - a scroll of teleportation {unknown}
Potions
 d - 2 potions of flight
 j - a potion of curing
 k - a potion of degeneration {unknown}
 q - 2 potions of brilliance {unknown}


   Skills:
 + Level 4.3 Fighting
 + Level 4.4 Long Blades
 + Level 5.1 Armour
 + Level 1.4 Dodging
 + Level 4.2 Shields


You had 4 spell levels left.
You didn't know any spells.
Your spell library contained the following spells:

 Spells                   Type           Power      Damage    Failure   Level
 Dazzling Flash           Conj/Hex       0%         N/A       99%         3
 Agony                    Necr           0%         N/A       100%        5
 Silence                  Hex/Air        0%         N/A       100%        5


Dungeon Overview and Level Annotations

Branches:
Dungeon (3/15)

Altars:

Annotations:
D:3 Grinder


Innate Abilities, Weirdness & Mutations

You have a pair of horns on your head.
You reflexively headbutt those who attack you in melee.


Message History

The giant cockroach misses you. You furiously retaliate!
You headbutt the giant cockroach.
You kill the giant cockroach!
Grinder hits you but does no damage.
You closely miss Grinder. Your headbutt misses Grinder.
Grinder is lightly wounded.
You block Grinder's attack.
You closely miss Grinder.
Grinder is lightly wounded.
Grinder says, "There's only one good use for a tongue: cutting it out."
Grinder gestures at you. Pain shoots through your body!
You slash Grinder!
Grinder is moderately wounded.
Grinder gestures at you.
You barely resist. Grinder gestures at you. Pain shoots through your body!
* * * LOW HITPOINT WARNING * * *
You hit Grinder.
Grinder is heavily wounded.
Grinder hits you.
* * * LOW HITPOINT WARNING * * *
You writhe in agony.
* * * LOW HITPOINT WARNING * * *
You slash Grinder!
Grinder is heavily wounded.
Grinder barely misses you.
You hit Grinder but do no damage. Your headbutt misses Grinder.
Grinder is heavily wounded.
Grinder hits you but does no damage.
You barely miss Grinder.
Grinder is heavily wounded.
Grinder hits you.
* * * LOW HITPOINT WARNING * * *
You writhe in agony.
* * * LOW HITPOINT WARNING * * *
Grinder gestures at you. Pain shoots through your body!
You die...

#.# #. #.# #..#
#### #..#######
<..# #.......# ##.#
##..## #
#.#########.†..##.#
#..............@5.#
#.#######.#######.#
# #..# #.# # #..#
... #### #..# ##.##
#... ...# #.# #...
...# ... #... ...#
### #... #...


You could see Grinder.

Vanquished Creatures
  Jessica (D:3)
  An orc wizard (D:2)
  Terence (D:2)
  4 adders
  3 gnolls (D:2)
  3 dart slugs
  3 orcs (D:2)
  4 ball pythons
  6 bats
  4 endoplasms
  5 giant cockroaches
  3 goblins (D:1)
  2 hobgoblins (D:2)
  3 jackals (D:2)
  A quokka (D:1)
  2 frilled lizards
  5 kobolds
  3 rats
54 creatures vanquished.

Notes
Turn   | Place    | Note
-------+----------+-------------------------------------------
     0 | D:1      | Fodor the Minotaur Fighter began the quest for the Orb.
     0 | D:1      | Reached XP level 1. HP: 19/19 MP: 0/0
   145 | D:1      | Reached skill level 4 in Armour
   156 | D:1      | Reached XP level 2. HP: 26/26 MP: 1/1
   682 | D:2      | Reached XP level 3. HP: 22/33 MP: 2/2
   853 | D:2      | Reached XP level 4. HP: 37/40 MP: 3/3
   870 | D:2      | Reached skill level 1 in Dodging
  1125 | D:2      | Noticed Terence
  1130 | D:2      | Killed Terence
  1439 | D:2      | Reached skill level 5 in Armour
  1439 | D:2      | Reached XP level 5. HP: 30/46 MP: 4/4
  1724 | D:3      | Noticed Jessica
  1730 | D:3      | Killed Jessica
  2144 | D:3      | Noticed Grinder
  2161 | D:3      | HP: 1/47 [Grinder (3)]
  2161 | D:3      | Killed from afar by Grinder

Illustrated notes

Levels and vault maps discovered:
D:1:      dpeg_arrival_snail, layout_rooms, serial_corexii_hall,
          corexii_hall_statues_l, chequers_hall_statues_wall_a,
          dreamdust_princess_bridge
D:2:      minmay_inner_zag, layout_loops_ring, nicolae_elevator_lobby_plus,
          uniq_terence
D:3:      layout_basic, minmay_crystal_room, roderic_nine_men_s_morris,
          uniq_natasha, uniq_grinder, uniq_jessica

Skill      XL: |  1  2  3  4 |
---------------+-------------+-----
Armour         | 4 5 |  5.1
Shields        | 4 |  4.2
Fighting       | 4 |  4.3
Long Blades    | 3 4 |  4.4
Dodging        | 1 |  1.4

Action                     |  1- 3 |  4- 6 || total
---------------------------+-------+-------++-------
  Melee: Long sword        |    77 |    68 ||   145
         Headbutt          |    16 |    10 ||    26
    Use: Potion            |       |     4 ||     4
 Armour: Scale mail        |    50 |    47 ||    97
  Dodge: Dodged            |    43 |    29 ||    72
  Block: Buckler           |    22 |    18 ||    40
